 Dungeon Crawl Stone Soup version 0.16.2-12-gd0ad4c3 (webtiles) character file.

13652 faibistes the Thaumaturge (level 11, -2/64 HPs)
             Began as a Deep Elf Wizard on Apr 2, 2019.
             Was an Elder of Sif Muna.
             Slain by a tentacled starspawn (32 damage)
             ... on level 1 of the Abyss.
             The game lasted 00:50:37 (18976 turns).

faibistes the Thaumaturge (Deep Elf Wizard)        Turns: 18976, Time: 00:50:38

Health: -2/64      AC:  8    Str:  8    XL:     11   Next: 78%
Magic:  30/34      EV: 19    Int: 27    God:    Sif Muna [****..]
Gold:   716        SH:  0    Dex: 19    Spells: 6 memorised, 23 levels left

rFire  . . .     SeeInvis .     U - +0 falchion of Greatest Utility {slice, rPois}
rCold  . . .     Clarity  .     w - +0 robe "Shral Fyqo" {Str+4}
rNeg   . . .     SustAb   .     (no shield)
rPois  +         Gourm    .     b - +1 hat
rElec  .         Spirit   .     G - +1 cloak
rCorr  +         Warding  .     (no gloves)
rMut   .         Stasis   .     u - +0 pair of boots
MR     +....                    V - amulet of resist corrosion
Stlth  ++........               c - +2 ring of protection
                                E - +6 ring of dexterity

@: constricted, repel missiles, somewhat resistant to hostile enchantments,
unstealthy
A: no striking features
a: Channel Energy, Forget Spell, Renounce Religion


You were on level 1 of the Abyss.
You worshipped Sif Muna.
Sif Muna was greatly pleased with you.
You were hungry.

You visited 4 branches of the dungeon, and saw 19 of its levels.
You visited the Abyss 1 time.

You collected 716 gold pieces.

Inventory:

Hand weapons
 e - a +0 dagger
 o - a +0 short sword of draining
 r - a +2 hand axe of freezing
 A - a +1 spear of venom
 L - a +7 dagger of speed
 U - the +0 falchion of Greatest Utility (weapon) {slice, rPois}
   (You found it on level 8 of the Dungeon)

   It inflicts extra damage upon your enemies.
   It protects you from poison.
Armour
 b - a +1 hat (worn)
 t - the +1 robe of Ratsudev {rF++ MP-9 Dex+4 Stlth-}
   (You found it on level 4 of the Dungeon)

   It affects your dexterity (+4).
   It greatly protects you from fire.
   It affects your magic capacity (-9).
   It makes you less stealthy.
 u - a +0 pair of boots (worn)
 w - the +0 robe "Shral Fyqo" (worn) {Str+4}
   (You found it on level 5 of the Dungeon)

   It affects your strength (+4).
 G - a +1 cloak (worn)
Jewellery
 a - an uncursed ring of flight
 c - a +2 ring of protection (right hand)
 s - an uncursed amulet of stasis
 C - an uncursed ring of ice
 E - a +6 ring of dexterity (left hand)
 V - an amulet of resist corrosion (around neck)
Magical devices
 l - a wand of flame (4)
 y - a wand of slowing (25)
 H - a wand of random effects (14)
 M - a wand of digging (9)
 Q - a wand of flame (32)
 X - a wand of paralysis (1)
 Z - a wand of random effects (35)
Scrolls
 g - 3 scrolls of fog
 h - 2 scrolls of teleportation
 m - a scroll of remove curse
 n - 3 scrolls of amnesia
 p - 2 scrolls of immolation
 B - a scroll of fear
 J - a scroll of blinking
Potions
 i - 3 potions of brilliance
 j - 3 potions of curing
 k - a potion of heal wounds
 q - a potion of agility
 v - 2 potions of lignification {unknown}
 z - 2 potions of resistance
 I - 3 potions of magic
 N - a potion of might {unknown}
 O - 2 potions of flight {unknown}
 P - a potion of berserk rage
 W - 2 potions of invisibility {unknown}
 Y - a potion of restore abilities {unknown}
Comestibles
 d - 3 bread rations
 f - 8 meat rations
 D - a royal jelly
 F - a slice of pizza
 K - 5 fruits


   Skills:
 + Level 6.0 Fighting
 + Level 8.2 Dodging
 - Level 2.4 Stealth
 * Level 13.3 Spellcasting
 * Level 6.6 Conjurations
 + Level 4.9 Charms
 - Level 1.1 Summonings
 + Level 4.3 Translocations
 * Level 6.7 Fire Magic
 - Level 3.3 Air Magic
 - Level 1.9 Poison Magic
 * Level 5.5 Invocations
 + Level 5.8 Evocations


You had 23 spell levels left.
You knew the following spells:

 Your Spells              Type           Power        Failure   Level  Hunger
a - Magic Dart            Conj           ####         1%          1    None
b - Conjure Flame         Conj/Fire      ######..     1%          3    None
c - Call Imp              Summ           ###.....     3%          2    None
d - Blink                 Tloc           N/A          1%          2    None
e - Mephitic Cloud        Conj/Pois/Air  #####...     1%          3    None
f - Repel Missiles        Chrm/Air       #####.       1%          2    None


Dungeon Overview and Level Annotations

Branches:
Dungeon (10/15)            Temple (1/1) D:7            Lair (4/8) D:8
    Orc (4/4) D:9
  Swamp: Lair:3-6    Shoals: Lair:3-6     Snake: Lair:3-6    Spider: Lair:3-6
    Elf: Orc:3-4

Altars:
Ashenzari
Cheibriados
Dithmenos
Elyvilon
Fedhas
Gozag
Kikubaaqudgha
Makhleb
Nemelex Xobeh
Okawaru
Qazlal
Ru
Sif Muna
Trog
Vehumet
Xom
Yredelemnul
Zin
The Shining One
Beogh
Jiyva

Annotations:
Lair:3 faibistes' ghost, powerful DEWz
Orc:3 Snorg


Message History

Your attempt to break free from the starspawn tentacle fails, but you feel that another attempt might succeed.
The starspawn tentacle constricts you.
The starspawn tentacle loses its grip on you.
The tentacle pulls you backwards!
Casting: Magic Dart
Confirm with . or Enter, or press ? or * to list all spells.
A powerful magic prevents control of your teleportation.
You blink.
The tentacled starspawn barely misses you.
The tentacled starspawn engulfs you! The starspawn tentacle grabs you.
The starspawn tentacle constricts you.
Read which item? (? for menu, Esc to quit)
Okay, then.
Casting: Blink
Confirm with . or Enter, or press ? or * to list all spells.
A powerful magic prevents control of your teleportation.
Your attempt to break free from the starspawn tentacle fails, but you feel that another attempt might succeed.
The tentacled starspawn bites you!!
Ouch! That really hurt!
You die...

. .## .# .#.. ....#
#..#..#.### #..# # #
## #.....##.. . #.. ..
#.#.#...#.. ... ..
.##.#.*..##X#*...#. #
## #...#*#**##.. ###
## #. #..#.#..#*# ..
...# . #..#..#.w#.*#..
# # #..#..##ยง.X@*.###
.### ..#...#.....*..#
#...#
#.........#.#.##3...##
#.#..##'####.#####'##
## ..## ## #.. .. .#.
#.# # #. #. . #. '


You could see a tentacled starspawn and a starspawn tentacle.

Vanquished Creatures
  An orc knight (Orc:2)
  3 black mambas
  3 spiny frogs
  4 komodo dragons
  A troll (Orc:3)
  Prince Ribbit (D:9)
  2 basilisks
  Eustachio (D:6)
  Grum (D:9)
  9 yaks
  2 hippogriffs
  6 wolves
  Menkaure (D:7)
  A sky beast (D:9)
  3 ice beasts
  15 orc warriors
  9 porcupines
  2 black bears
  3 ogres
  A necrophage (D:8)
  3 centaurs
  3 crocodiles
  Sigmund (D:7)
  Duvessa (D:7)
  11 giant frogs
  A big kobold (D:8)
  2 gnoll sergeants
  3 scorpions
  Dowan (D:7)
  4 crimson imps
  A quasit (D:7)
  A centaur zombie (D:7)
  A giant frog zombie (D:6)
  An iron imp (Abyss:1)
  Crazy Yiuf (D:3)
  9 jellies
  3 centaur skeletons
  5 iguanas
  13 orc priests
  A giant frog skeleton (D:8)
  3 hounds
  11 orc wizards
  5 worker ants
  Ijyb (D:6)
  15 river rats
  12 gnolls
  12 adders
  2 shadow imps (D:5)
  3 giant mites
  A worm (D:3)
  5 giant geckos
  2 oozes (D:6)
  66 orcs
  4 ball pythons
  14 bats
  2 bat skeletons
  A bat zombie (D:5)
  12 goblins
  16 hobgoblins
  7 jackals
  3 quokkas
  6 giant cockroaches
  A giant cockroach zombie (D:6)
  2 giant gecko skeletons
  3 giant newts
  A giant spore (D:9)
  22 kobolds
  19 rats
  A spectral orc (D:4)
  8 ballistomycetes (D:7)
395 creatures vanquished.

Vanquished Creatures (others)
  2 crimson imps
  2 giant spores (D:7)
  A fungus (Lair:1)
  4 plants
  3 starspawn tentacles (Abyss:1)
  155 starspawn tentacle segments (Abyss:1)
  A toadstool (D:6)
168 creatures vanquished.

Grand Total: 563 creatures vanquished

Notes
Turn   | Place    | Note
--------------------------------------------------------------
     0 | D:1      | faibistes, the Deep Elf Wizard, began the quest for the Orb.
     0 | D:1      | Reached XP level 1. HP: 10/10 MP: 6/6
   404 | D:1      | Reached XP level 2. HP: 15/15 MP: 8/10
   426 | D:1      | Learned a level 2 spell: Blink
   429 | D:1      | Learned a level 2 spell: Call Imp
   879 | D:1      | Reached skill level 5 in Spellcasting
  1359 | D:2      | Reached XP level 3. HP: 19/19 MP: 11/14
  1364 | D:2      | Learned a level 3 spell: Conjure Flame
  1368 | D:2      | Learned a level 3 spell: Mephitic Cloud
  1548 | D:2      | Found an opulent altar of Gozag.
  1607 | D:2      | Found a bloodstained altar of Trog.
  2027 | D:3      | Found a stormy altar of Qazlal.
  2217 | D:3      | Reached XP level 4. HP: 22/24 MP: 1/17
  2342 | D:3      | Found a radiant altar of Vehumet.
  2406 | D:3      | Learned a level 2 spell: Repel Missiles
  2420 | D:3      | Found an ancient bone altar of Kikubaaqudgha.
  2431 | D:3      | Found a white marble altar of Elyvilon.
  2772 | D:3      | Noticed Crazy Yiuf
  2783 | D:3      | Killed Crazy Yiuf
  2783 | D:3      | Reached skill level 6 in Spellcasting
  3064 | D:3      | Reached XP level 5. HP: 28/28 MP: 11/20
  3504 | D:4      | Got a bloodstained robe
  3515 | D:4      | Identified the +1 robe of Ratsudev {rF++ MP-9 Dex+4 Stlth-} (You found it on level 4 of the Dungeon)
  3581 | D:5      | Entered Level 5 of the Dungeon
  3581 | D:5      | Noticed a centaur
  3593 | D:5      | Killed a centaur
  3721 | D:5      | Got a sheer robe
  3732 | D:5      | Identified the +0 robe "Shral Fyqo" {Str+4} (You found it on level 5 of the Dungeon)
  3843 | D:4      | Found a basalt altar of Yredelemnul.
  3898 | D:4      | Found a sparkling altar of Nemelex Xobeh.
  4007 | D:4      | Reached skill level 7 in Spellcasting
  4023 | D:4      | Reached XP level 6. HP: 32/32 MP: 20/23
  4282 | D:4      | Noticed an ogre
  4295 | D:4      | Killed an ogre
  4295 | D:4      | Reached skill level 1 in Fighting
  4946 | D:4      | Found a glowing golden altar of the Shining One.
  5066 | D:5      | Reached skill level 8 in Spellcasting
  5071 | D:5      | Reached XP level 7. HP: 37/39 MP: 10/26
  5520 | D:5      | Found a sacrificial altar of Ru.
  5889 | D:6      | Found a viscous altar of Jiyva.
  6373 | D:6      | Reached skill level 9 in Spellcasting
  6447 | D:6      | Reached skill level 5 in Dodging
  6447 | D:6      | Reached skill level 1 in Evocations
  6512 | D:6      | Reached XP level 8. HP: 38/46 MP: 23/28
  6631 | D:6      | Noticed Eustachio
  6971 | D:6      | Killed Eustachio
  7308 | D:6      | Reached skill level 10 in Spellcasting
  7585 | D:7      | Noticed Ijyb
  7737 | D:6      | Killed Ijyb
  8768 | D:6      | Reached XP level 9. HP: 44/52 MP: 23/31
  8869 | D:7      | Noticed Menkaure
  8875 | D:7      | Killed Menkaure
  8875 | D:7      | Reached skill level 11 in Spellcasting
  9151 | D:7      | Noticed Duvessa
  9151 | D:7      | Noticed Dowan
  9160 | D:7      | Reached skill level 5 in Fighting
  9174 | D:7      | Killed Duvessa
  9428 | D:7      | Found a staircase to the Ecumenical Temple.
  9464 | Temple   | Entered the Ecumenical Temple
  9483 | Temple   | Became a worshipper of Sif Muna the Loreminder
  9583 | D:7      | Found a shattered altar of Ashenzari.
  9750 | D:7      | Noticed Sigmund
  9758 | D:7      | Killed Sigmund
  9758 | D:7      | Reached skill level 1 in Air Magic
  9792 | D:7      | Killed Dowan
 10166 | D:8      | Got a faintly glowing falchion
 10168 | D:8      | Identified the cursed +0 falchion of Greatest Utility {slice, rPois} (You found it on level 8 of the Dungeon)
 10297 | D:8      | Reached skill level 1 in Fire Magic
 10452 | D:8      | Reached skill level 1 in Poison Magic
 10871 | D:9      | Acquired Sif Muna's first power
 10914 | D:10     | Entered Level 10 of the Dungeon
 11298 | D:8      | Found a snail-covered altar of Cheibriados.
 11743 | D:8      | Found a staircase to the Lair.
 11760 | D:8      | Noticed a komodo dragon
 11769 | D:8      | Killed a komodo dragon
 11769 | D:8      | Reached skill level 12 in Spellcasting
 11769 | D:8      | Reached skill level 5 in Conjurations
 11769 | D:8      | Reached XP level 10. HP: 59/59 MP: 23/32
 11869 | D:8      | Found a shattered altar of Ashenzari.
 12424 | D:9      | Noticed Grum
 12430 | D:9      | Killed Grum
 12618 | D:9      | Reached skill level 1 in Charms
 12718 | D:9      | Found a blossoming altar of Fedhas.
 12730 | D:9      | Reached skill level 1 in Invocations
 12847 | D:9      | Acquired Sif Muna's second power
 12974 | D:9      | Noticed Prince Ribbit
 13002 | D:9      | Killed Prince Ribbit
 13483 | D:9      | Found a staircase to the Orcish Mines.
 13754 | D:9      | Found a roughly hewn altar of Beogh.
 13892 | Lair:1   | Entered Level 1 of the Lair of Beasts
 14302 | Lair:2   | Noticed a black mamba
 14310 | Lair:2   | Killed a black mamba
 14447 | Lair:1   | Reached skill level 5 in Fire Magic
 14564 | Lair:2   | Reached skill level 5 in Evocations
 14573 | Lair:2   | Reached XP level 11. HP: 48/64 MP: 0/34
 15200 | Lair:1   | Noticed a black mamba
 15207 | Lair:1   | Killed a black mamba
 15301 | Lair:2   | Reached skill level 13 in Spellcasting
 16311 | Lair:3   | Noticed faibistes' ghost (powerful DEWz)
 16465 | Lair:2   | Reached skill level 5 in Invocations
 17171 | Lair:3   | Noticed faibistes' ghost (powerful DEWz)
 17826 | Orc:1    | Entered Level 1 of the Orcish Mines
 18586 | Orc:2    | Acquired Sif Muna's third power
 18854 | Orc:4    | Entered Level 4 of the Orcish Mines
 18854 | Orc:4    | Noticed Snorg
 18867 | Orc:3    | Cast into the Abyss (orc)
 18958 | Abyss:1  | Noticed a tentacled starspawn
 18976 | Abyss:1  | Slain by a tentacled starspawn

Action                   |  1- 3 |  4- 6 |  7- 9 | 10-12 || total
-------------------------+-------+-------+-------+-------++-------
Melee: Short sword       |     2 |     5 |       |       ||     7
       Hand axe          |       |    16 |    54 |     9 ||    79
       Dagger            |       |       |    48 |     3 ||    51
       Falchion          |       |       |    22 |    76 ||    98
 Cast: Magic Dart        |    89 |   119 |   405 |   553 ||  1166
       Call Imp          |     3 |       |     1 |       ||     4
       Mephitic Cloud    |     2 |     8 |    38 |    65 ||   113
       Blink             |     2 |     2 |    12 |     9 ||    25
       Repel Missiles    |       |     3 |     1 |       ||     4
       Conjure Flame     |       |     3 |    48 |    71 ||   122
Invok: Channel Energy    |       |       |       |    11 ||    11
Evoke: Wand              |       |       |     6 |     4 ||    10
  Use: Scroll            |       |     4 |    12 |    11 ||    27
       Potion            |       |       |       |     1 ||     1
 Stab: Confused          |       |     2 |     3 |     3 ||     8
       Sleeping          |       |     4 |     1 |       ||     5
       Distracted        |       |       |     1 |       ||     1
       Paralysed         |       |       |       |    10 ||    10
  Eat: Chunk             |     4 |     8 |    20 |    21 ||    53
       Fruit             |       |       |     1 |     1 ||     2
       Beef jerky        |       |       |       |     1 ||     1
